 Dungeon Crawl Stone Soup version 0.31-a0-175-g9f7f995f2b (webtiles) character file.

Game seed: 13227002984960177881

379 qw the Shooter (level 6, -1/38 HPs)
             Began as a Gargoyle Hunter on June 16, 2023.
             Slain by an orc
             ... wielding a +0 trident
              (4 damage)
             ... on level 5 of the Dungeon.
             The game lasted 00:00:55 (2348 turns).

qw the Shooter (Gargoyle Hunter)                    Turns: 2348, Time: 00:00:56

Health: -1/38      AC: 10    Str: 14    XL:     6   Next: 74%
Magic:  6/6        EV: 10    Int: 10    God:
Gold:   250        SH:  0    Dex: 15    Spells: 5/5 levels left

rFire   . . .        Y - +0 shortbow (elec)
rCold   + . .        (shield currently unavailable)
rNeg    + . .        b - +0 ring mail
rPois   inf          (no helmet)
rElec   +            e - +0 cloak
rCorr   .            (no gloves)
SInv    .            (no boots)
Will    .....        (no amulet)
Stlth   +            c - ring of protection from cold
HPRegen 0.26/turn    (no ring)
MPRegen 0.10/turn

%: no passive effects
@: no status effects
A: sickness immunity, AC +4, negative energy resistance 1, electricity
resistance, torment resistance 1, petrification resistance
a: no special abilities


You were on level 5 of the Dungeon.
You visited 1 branch of the dungeon, and saw 5 of its levels.

You collected 250 gold pieces.


Innate Abilities, Weirdness & Mutations

You are immune to sickness and miasma.
Your stone body is resilient. (AC +4)
You are immune to poison.
You resist negative energy. (rN+)
You are resistant to electric shocks. (rElec)
You are resistant to unholy torment.
You are immune to petrification.


   Skills:
 - Level 4.2 Fighting
 + Level 6.9 Ranged Weapons
 - Level 1.1 Armour
 - Level 1.5 Dodging
 - Level 1.1 Stealth


You had 5 spell levels left.
You didn't know any spells.
Your spell library was empty.

Inventory:

Hand Weapons
 Y - a +0 shortbow of electrocution (weapon)
Armour
 b - a +0 ring mail (worn)
 e - a +0 cloak (worn)
Jewellery
 c - a ring of protection from cold (left hand)
 g - a ring of fire
Scrolls
 a - 2 scrolls of identify

Dungeon Overview and Level Annotations

Branches:
Dungeon (5/15)
 Temple: D:4-7

Altars:
Dithmenos
Uskayaw
Vehumet
Xom


Message History

The arrow closely misses the orc wizard.
The arrow hits the orc but does no damage.
You hear a shout!
The orc closely misses you.
You shoot an arrow. The arrow hits the orc wizard.
The orc wizard is lightly wounded.
You hear a shout!
The orc hits you but does no damage.
The orc wizard hits you but does no damage. x2
The orc closely misses you.
You shoot an arrow.
The arrow hits the orc wizard but does no damage.
The orc wizard is lightly wounded.
The orc hits you but does no damage.
The orc wizard gestures at you while chanting.
The magic dart hits you!
You shoot an arrow. The arrow hits the orc wizard!
Lightning courses through the orc wizard!
You kill the orc wizard!
You shoot an arrow. The arrow hits the ice beast.
The ice beast is moderately wounded.
You shoot an arrow. The arrow hits the ice beast.
The ice beast is moderately wounded.
An orc priest comes into view. It is wielding a +0 war axe.
You shoot an arrow. The arrow closely misses the ice beast.
The arrow hits the orc.
The orc is almost dead.
The ice beast misses you. The orc barely misses you.
The orc priest invokes the aid of Beogh against you.
Beogh smites you!
You shoot an arrow. The arrow hits the ice beast!
Lightning courses through the ice beast!
The ice beast is almost dead.
The ice beast barely misses you. The orc closely misses you.
The orc priest invokes the aid of Beogh against you.
Beogh smites you!
You shoot an arrow. The arrow hits the ice beast.
You kill the ice beast!
The orc hits you from afar with a +0 trident. x2
You die...

#.#.. #.... ##...##
##.....##
##.......## ..
###.........###....
.'.........oo.oYo.
#.......).#
#......@##
##.....## ##...##
##'## #.### #.#.##
####..#.##
.........#.##
#.##.....##.####.#


You could see an orc priest and an orc.

Vanquished Creatures
  An ice beast (D:5)
  2 scorpions (D:4)
  An orc priest (D:4)
  2 iguanas (D:4)
  2 orc wizards
  6 adders
  A white imp (D:5)
  A worm (D:3)
  3 dart slugs
  8 orcs
  5 endoplasms
  A giant cockroach (D:2)
  3 goblins
  4 hobgoblins
  6 jackals
  3 quokkas
  7 ball pythons
  A frilled lizard (D:3)
  6 kobolds
  5 rats
68 creatures vanquished.

Notes
Turn   | Place    | Note
-------+----------+-------------------------------------------
     0 | D:1      | qw the Gargoyle Hunter began the quest for the Orb.
     0 | D:1      | Reached XP level 1. HP: 12/12 MP: 1/1
     0 | D:1      | 0 ||| qw: Version: 0.2-a-29-g511e9b1
     0 | D:1      | 0 ||| qw: Game counter: 5862
     0 | D:1      | 0 ||| qw: Always use a shield: true
     0 | D:1      | 0 ||| qw: God list: Okawaru
     0 | D:1      | 0 ||| qw: Allow faded altars: false
     0 | D:1      | 0 ||| qw: Do Orc after D:15 true
     0 | D:1      | 0 ||| qw: Do second Lair branch before Depths: true
     0 | D:1      | 0 ||| qw: Lair rune preference: random
     0 | D:1      | 0 ||| qw: Plans: Normal, Zot:1-4, Slime:5, God:TSO, Crypt,
                  | Tomb, Abyss, Pan, Hells, Win
     0 | D:1      | 0 ||| PLANNING D:1-11
    58 | D:1      | Reached XP level 2. HP: 17/17 MP: 2/2
   327 | D:1      | 327 ||| READING 5 scrolls labelled UTOEGE CUOLOU.
   328 | D:1      | 328 ||| READING scroll labelled IXEUMM FAXEU.
   329 | D:1      | 329 ||| READING scroll labelled ARCHAY HUAB ZAF.
   330 | D:1      | 330 ||| DROPPING scroll of butterflies.
   579 | D:2      | Reached XP level 3. HP: 21/21 MP: 3/3
   623 | D:2      | Reached skill level 5 in Ranged Weapons
   923 | D:2      | 923 ||| UPGRADING to +0 ring mail.
   933 | D:2      | 933 ||| DROPPING +0 leather armour.
   934 | D:2      | 934 ||| READING scroll labelled FADUOH FOTIR.
   935 | D:2      | 935 ||| READING scroll labelled AGRUOCL YCIO.
   995 | D:3      | Reached skill level 1 in Armour
  1089 | D:3      | Reached XP level 4. HP: 19/27 MP: 4/4
  1094 | D:3      | Reached skill level 3 in Fighting
  1137 | D:3      | Found a hide-covered altar of Uskayaw.
  1156 | D:3      | 1156 ||| FLEEEEING.
  1157 | D:3      | 1157 ||| FLEEEEING.
  1159 | D:3      | 1159 ||| FLEEEEING.
  1160 | D:3      | 1160 ||| FLEEEEING.
  1161 | D:3      | 1161 ||| FLEEEEING.
  1162 | D:3      | 1162 ||| FLEEEEING.
  1163 | D:3      | 1163 ||| FLEEEEING.
  1164 | D:3      | 1164 ||| FLEEEEING.
  1165 | D:3      | 1165 ||| FLEEEEING.
  1189 | D:3      | Found a shadowy altar of Dithmenos.
  1282 | D:3      | Found a radiant altar of Vehumet.
  1377 | D:3      | 1377 ||| UPGRADING to +0 cloak.
  1382 | D:3      | 1382 ||| READING 4 scrolls of identify.
  1382 | D:3      | 1382 ||| IDENTIFYING fuming white potion
  1383 | D:3      | 1383 ||| READING 3 scrolls of identify.
  1383 | D:3      | 1383 ||| IDENTIFYING murky purple potion
  1384 | D:3      | 1384 ||| DROPPING potion of berserk rage.
  1413 | D:4      | 1413 ||| STAIRDANCE
  1415 | D:4      | 1415 ||| STAIRDANCE
  1417 | D:3      | 1417 ||| DRINKING potion of curing.
  1417 | D:3      | 1417 ||| (to cure confusion)
  1425 | D:4      | 1425 ||| STAIRDANCE
  1488 | D:4      | Reached XP level 5. HP: 31/32 MP: 5/5
  1539 | D:4      | Reached skill level 6 in Ranged Weapons
  1604 | D:4      | Found a shimmering altar of Xom.
  1647 | D:4      | Reached XP level 6. HP: 33/38 MP: 6/6
  2192 | D:4      | 2192 ||| UPGRADING to ring of protection from cold.
  2235 | D:5      | Entered Level 5 of the Dungeon
  2328 | D:5      | 2328 ||| Stepping ~*~*~tactically~*~*~ (outnumbered).
  2329 | D:5      | Noticed an ice beast
  2330 | D:5      | 2330 ||| Stepping ~*~*~tactically~*~*~ (outnumbered).
  2347 | D:5      | HP: 4/38 [orc priest/divine providence (12)]
  2348 | D:5      | Killed an ice beast
  2348 | D:5      | Slain by an orc

Levels and vault maps discovered:
D:1:      scummos_arrival_checkerplants, layout_rooms, minmay_misc_feat_doors
D:2:      layout_loops_ring
D:3:      layout_rooms, overflow_temple_1_default, nicolae_vehumet_altar_sigil,
          mainiacjoe_overflow_alcove_1
D:4:      layout_loops_ring, mainiacjoe_overflow_24_doors
D:5:      layout_loops_corners, nicolae_elyvilon_peaceful_grove, serial_shops,
          nicolae_shop_back_alley_shop

Skill      XL: |  1  2  3  4  5 |
---------------+----------------+-----
Ranged Weapons | 5 6 |  6.9
Armour         | 1 |  1.1
Fighting       | 3 4 |  4.2
Dodging        | |  1.5
Stealth        | |  1.1

Action                     |  1- 3 |  4- 6 || total
---------------------------+-------+-------++-------
   Fire: Shortbow          |    77 |   114 ||   191
    Use: Scroll            |     5 |     2 ||     7
         Potion            |       |     1 ||     1
 Armour: Ring mail         |    16 |    40 ||    56
  Dodge: Dodged            |    25 |    48 ||    73

Table legend:
 A = Non-vault XP
 B = Vault XP
 C = Vault XP percentage of total XP
 D = Non-vault monster count
 E = Vault monster count
 F = Vault count percentage of total count
                 A         B        C        D         E       F
            +---------+---------+-------+---------+---------+-------
      Total |     678 |       0 |   0.0 |      68 |       0 |   0.0
            +---------+---------+-------+---------+---------+-------
        D:1 |      17 |       0 |   0.0 |       9 |       0 |   0.0
        D:2 |      26 |       0 |   0.0 |      15 |       0 |   0.0
        D:3 |      68 |       0 |   0.0 |      22 |       0 |   0.0
        D:4 |     357 |       0 |   0.0 |      16 |       0 |   0.0
        D:5 |     210 |       0 |   0.0 |       6 |       0 |   0.0
            +---------+---------+-------+---------+---------+-------
